[Event "Titled Tuesday Blitz June 27 Early 2023"]
[White "Jovic, Stanoje"]
[Black "Bauman_Guy"]
[WhiteFideId "905020"]
[WhiteElo "2473"]
[BlackElo "2641"]
[Result "1/2-1/2"]
[Round "4"]
[TimeControl "180+2"]
[Date "2023.06.27"]
[WhiteClock "0:00:32"]
[BlackClock "0:02:08"]
[Board "116"]

1. c4 Nf6 2. g3 g6 3. Bg2 Bg7 4. Nc3 O-O 5. Nf3 d6 6. O-O Nbd7 7. Rb1 a5 8. a3 e5 9. b4 axb4 10. axb4 Re8 11. d3 e4 12. dxe4 Nxe4 13. Nxe4 Rxe4 14. Ng5 Re7 15. c5 dxc5 16. bxc5 c6 17. Bf4 Be5 18. Be3 Qf8 19. Ne4 Nf6 20. Nd6 Ng4 21. Bg5 Bf6 22. Bxf6 Nxf6 23. Qd4 Qg7 24. e4 Nd7 25. Qxg7+ Kxg7 26. Nxb7 Bxb7 27. Rxb7 Kf8 28. Rc1 Ne5 29. Rxe7 Kxe7 30. f4 Nd3 31. Rc3 Ra1+ 32. Bf1 Nb4 33. Kf2 Ra2+ 34. Be2 Nc2 35. Bc4 Rb2 36. Rb3 Rxb3 37. Bxb3 Nd4 38. Ba4 Ne6 39. Bxc6 Nxc5 40. Ke3 f6 41. Bd5 g5 42. h4 h6 43. hxg5 hxg5 44. e5 gxf4+ 45. gxf4 fxe5 46. fxe5 Nd7 47. e6 Nf8 48. Ke4 Nxe6 1/2-1/2


[Site "https://www.chess.com"]

[Event "Titled Tuesday Blitz June 27 Early 2023"]
[White "Lee, Qing Aun"]
[Black "Andreev, Konstantin"]
[WhiteFideId "5804167"]
[BlackFideId "24239305"]
[WhiteElo "2632"]
[BlackElo "2450"]
[Result "1-0"]
[Round "4"]
[TimeControl "180+2"]
[Date "2023.06.27"]
[WhiteClock "0:00:08"]
[BlackClock "0:00:00"]
[Board "117"]

1. d4 Nf6 2. Nc3 d5 3. Bf4 a6 4. e3 c5 5. dxc5 Qa5 6. Nf3 Qxc5 7. Be2 b5 8. O-O e6 9. Ne5 Nc6 10. Bf3 Bb7 11. a4 b4 12. Ne2 Be7 13. Nd4 Nxe5 14. Bxe5 O-O 15. Nb3 Qc6 16. Na5 Qb6 17. Nxb7 Qxb7 18. Qd4 Rac8 19. c4 Bc5 20. Qh4 Ne4 21. cxd5 exd5 22. Rad1 f6 23. Bd4 Bd6 24. Qh3 Rfe8 25. Bg4 Rc2 26. Be6+ Kf8 27. Qf5 Rxe6 28. Qxe6 Qc6 29. Qf5 g6 30. Qh3 Kg7 31. f3 Nd2 32. Rf2 Nb3 33. Rxc2 Qxc2 34. Qd7+ Kh6 35. Rf1 Be5 36. Bxe5 fxe5 37. Qxd5 Qxb2 38. h4 Qc3 39. e4 Nd2 40. Rf2 Nc4 41. Qd8 b3 42. Qg5+ Kg7 43. Qe7+ Kg8 44. h5 gxh5 45. Qg5+ Kf8 46. Qd8+ Kg7 47. Qg5+ Kf8 48. f4 b2 49. fxe5+ Ke8 50. Qg8+ Kd7 51. Qd5+ Kc7 52. Rf7+ 1-0


[Site "https://www.chess.com"]

[Event "Titled Tuesday Blitz June 27 Early 2023"]
[White "Asavasaetakul, Chawit"]
[Black "Petrova, Irina"]
[WhiteFideId "6204856"]
[BlackFideId "14124122"]
[WhiteElo "2611"]
[BlackElo "2408"]
[Result "1-0"]
[Round "4"]
[TimeControl "180+2"]
[Date "2023.06.27"]
[WhiteClock "0:01:28"]
[BlackClock "0:00:31"]
[Board "118"]

1. e4 e5 2. Nf3 Nc6 3. Nc3 Nf6 4. d4 exd4 5. Nxd4 Bb4 6. Nxc6 bxc6 7. Bd3 O-O 8. O-O d5 9. exd5 cxd5 10. Bg5 c6 11. Na4 Be7 12. c4 Be6 13. Rc1 d4 14. Qf3 c5 15. Bxf6 Bxf6 16. Nxc5 Qb6 17. Ne4 Be7 18. b3 f5 19. Ng3 Rae8 20. Nxf5 Bxf5 21. Bxf5 Kh8 22. Qh3 g6 23. c5 Qf6 24. Bd7 Ra8 25. c6 Qd6 26. c7 1-0


[Site "https://www.chess.com"]

[Event "Titled Tuesday Blitz June 27 Early 2023"]
[White "Glavina, Pablo"]
[Black "Cezila Jr, Rubens"]
[WhiteFideId "100234"]
[BlackFideId "2116723"]
[WhiteElo "2370"]
[BlackElo "2609"]
[Result "0-1"]
[Round "4"]
[TimeControl "180+2"]
[Date "2023.06.27"]
[WhiteClock "0:00:00"]
[BlackClock "0:01:29"]
[Board "119"]

1. e4 c6 2. d4 d5 3. exd5 cxd5 4. Bd3 Nc6 5. c3 Qc7 6. h3 Nf6 7. Nf3 g6 8. O-O Bg7 9. Na3 a6 10. Nc2 O-O 11. Qe2 Re8 12. Ne5 Nxe5 13. dxe5 Ne4 14. Bf4 Qb6 15. Ne3 Be6 16. Bxe4 dxe4 17. Rfd1 Qc5 18. Rd2 Bxe5 19. Bxe5 Qxe5 20. Rad1 Bxa2 21. Ng4 Qe6 22. Rd4 f5 23. Ne3 b5 24. f3 exf3 25. Qxf3 Bb3 26. Re1 Rad8 0-1


[Site "https://www.chess.com"]

[Event "Titled Tuesday Blitz June 27 Early 2023"]
[White "Tarasova, Viktoriya"]
[Black "robertoalejandro10"]
[WhiteFideId "4175840"]
[WhiteElo "2361"]
[BlackElo "2607"]
[Result "1/2-1/2"]
[Round "4"]
[TimeControl "180+2"]
[Date "2023.06.27"]
[WhiteClock "0:00:15"]
[BlackClock "0:00:07"]
[Board "120"]

1. d4 Nf6 2. c4 c5 3. d5 d6 4. Nc3 g6 5. e4 Bg7 6. Nf3 O-O 7. Be2 Na6 8. O-O Nc7 9. a4 Bd7 10. h3 a6 11. Be3 Rb8 12. Qd2 b5 13. axb5 axb5 14. cxb5 Nxb5 15. Qc2 Qc7 16. Nd2 Nd4 17. Qc1 Nxe2+ 18. Nxe2 Rb4 19. Nc3 Rfb8 20. Ra2 Qb7 21. b3 Bb5 22. Re1 Nd7 23. Qc2 Ne5 24. Nxb5 Qxb5 25. Rf1 Qd3 26. Qc1 Qb5 27. Qc2 h5 28. f4 Qd3 29. Qxd3 Nxd3 30. Ra7 R8b7 31. Ra8+ Kh7 32. g4 Bc3 33. Nf3 Bf6 34. e5 dxe5 35. fxe5 Nxe5 36. Nxe5 Bxe5 37. Rxf7+ Bg7 38. Bxc5 Re4 39. gxh5 gxh5 40. Re8 Kg6 41. Rexe7 Rexe7 42. Rxe7 Rxb3 43. Kg2 Rd3 44. d6 Bf8 45. Re6+ Kf7 46. Re5 Bxd6 47. Bxd6 Rxd6 48. Rxh5 Kg6 49. Ra5 Rc6 50. Kg3 Kh6 51. Rb5 Rd6 52. Kg4 Re6 53. h4 Rc6 54. Kg3 Rc3+ 55. Kg4 Rc6 56. Kg3 Rc3+ 57. Kg4 Rc6 1/2-1/2


[Site "https://www.chess.com"]

[Event "Titled Tuesday Blitz June 27 Early 2023"]
[White "Fajdetic, Hrvoje"]
[Black "ATM622"]
[WhiteFideId "14501945"]
[WhiteElo "2358"]
[BlackElo "2605"]
[Result "0-1"]
[Round "4"]
[TimeControl "180+2"]
[Date "2023.06.27"]
[WhiteClock "0:00:00"]
[BlackClock "0:00:51"]
[Board "121"]

1. f4 d5 2. Nf3 Nf6 3. e3 g6 4. Be2 Bg7 5. O-O O-O 6. d3 b6 7. Ne5 Bb7 8. Qe1 c5 9. Qh4 Nbd7 10. Nxd7 Nxd7 11. Nc3 e5 12. Qxd8 Raxd8 13. f5 d4 14. Ne4 Nf6 15. Nxf6+ Bxf6 16. e4 c4 17. Bh6 Bg7 18. Bxg7 Kxg7 19. f6+ Kg8 20. Rf2 Rd6 21. h4 h5 22. g4 cxd3 23. cxd3 hxg4 24. Bxg4 Ba6 25. Rd1 Bc8 26. Be2 Rc6 27. Kg2 Rc2 28. Bf1 Rc6 29. Kg3 Kh7 30. Be2 Kh6 31. h5 Rg8 32. hxg6 Rxg6+ 33. Kh2 Rcxf6 34. Rxf6 Rxf6 35. Rc1 Be6 36. Kg3 Bxa2 37. Rc8 Kg7 0-1


[Site "https://www.chess.com"]

[Event "Titled Tuesday Blitz June 27 Early 2023"]
[White "De La Villa Garcia, Jesus Maria"]
[Black "Romero Ruscalleda, Josep"]
[WhiteFideId "2200040"]
[BlackFideId "2231859"]
[WhiteElo "2594"]
[BlackElo "2353"]
[Result "1-0"]
[Round "4"]
[TimeControl "180+2"]
[Date "2023.06.27"]
[WhiteClock "0:01:12"]
[BlackClock "0:00:35"]
[Board "122"]

1. c4 g6 2. d4 Bg7 3. Nf3 d6 4. g3 Nf6 5. Bg2 O-O 6. O-O Nc6 7. Nc3 Bf5 8. Nh4 Bd7 9. e4 e5 10. Nf3 Bg4 11. d5 Nd4 12. Be3 Nxf3+ 13. Bxf3 Bxf3 14. Qxf3 Nd7 15. Qe2 f5 16. exf5 gxf5 17. f4 Qe7 18. fxe5 Nxe5 19. Bf4 Rae8 20. Rae1 Qf7 21. Kg2 a6 22. a4 Qg6 23. Nd1 Ng4 24. Qd3 Qh5 25. h3 Ne5 26. Qc2 Qg6 27. b3 Nd7 28. Be3 Be5 29. Bf2 Nf6 30. Qd3 Ne4 31. Re3 Nxf2 32. Rxf2 f4 33. Qxg6+ hxg6 34. gxf4 Bd4 35. Rxe8 Rxe8 36. Rd2 Be3 37. Re2 1-0


[Site "https://www.chess.com"]

[Event "Titled Tuesday Blitz June 27 Early 2023"]
[White "Gubajdullin, Alexei"]
[Black "Rodriguez Polo, Mateo"]
[WhiteFideId "4141202"]
[BlackFideId "24509396"]
[WhiteElo "2588"]
[BlackElo "2319"]
[Result "1-0"]
[Round "4"]
[TimeControl "180+2"]
[Date "2023.06.27"]
[WhiteClock "0:01:31"]
[BlackClock "0:00:19"]
[Board "123"]

1. d4 e6 2. Nf3 Nf6 3. Bf4 b6 4. e3 Bb7 5. Be2 c5 6. O-O Be7 7. h3 O-O 8. a4 a6 9. Na3 d5 10. Ne5 Nc6 11. Nxc6 Bxc6 12. a5 b5 13. c3 Nd7 14. Nc2 f6 15. Bg3 e5 16. dxc5 Nxc5 17. Nb4 Bb7 18. Bf3 Ne4 19. Bxe4 dxe4 20. Qb3+ Kh8 21. Rfd1 Qc7 22. Qe6 Bxb4 23. cxb4 Rfd8 24. Bh4 Re8 25. Rd7 Rxe6 26. Rxc7 Bd5 27. Rd1 Rd8 28. Rxd5 1-0


[Site "https://www.chess.com"]

[Event "Titled Tuesday Blitz June 27 Early 2023"]
[White "Mortazavi, Ali"]
[Black "Acikel, Mert"]
[WhiteFideId "401323"]
[BlackFideId "12956465"]
[WhiteElo "2578"]
[BlackElo "2285"]
[Result "1-0"]
[Round "4"]
[TimeControl "180+2"]
[Date "2023.06.27"]
[WhiteClock "0:00:12"]
[BlackClock "0:00:00"]
[Board "124"]

1. Nf3 d5 2. g3 Nf6 3. Bg2 e6 4. O-O Be7 5. d3 O-O 6. Nbd2 c5 7. e4 Nc6 8. Re1 b5 9. exd5 exd5 10. a4 b4 11. d4 Be6 12. dxc5 Bxc5 13. Nb3 Bb6 14. Be3 Rc8 15. Bxb6 Qxb6 16. Nfd4 Bg4 17. Qd3 Rfd8 18. Nxc6 Qxc6 19. Nd4 Qc5 20. Re5 Qc4 21. Rae1 h6 22. h3 Qxd3 23. cxd3 Bh5 24. Nf5 Kf8 25. Ne7 Rc2 26. Nxd5 Nxd5 27. Bxd5 Rxb2 28. Bc6 g6 29. g4 Rc2 30. Be4 b3 31. Rb5 b2 32. Kg2 f5 33. gxf5 Rc1 34. Kf1 Rc2 35. fxg6 Rd6 36. Rxh5 Rb6 37. Rb5 Rc1 38. Rxb6 axb6 39. d4 1-0


[Site "https://www.chess.com"]

[Event "Titled Tuesday Blitz June 27 Early 2023"]
[White "Alinasab, Mobina"]
[Black "Rodriguez Santiago, Jaime"]
[WhiteFideId "12528897"]
[BlackFideId "3100898"]
[WhiteElo "2561"]
[BlackElo "2282"]
[Result "1-0"]
[Round "4"]
[TimeControl "180+2"]
[Date "2023.06.27"]
[WhiteClock "0:00:55"]
[BlackClock "0:00:26"]
[Board "125"]

1. e4 c6 2. d4 d5 3. Nd2 dxe4 4. Nxe4 Nf6 5. Nxf6+ exf6 6. c3 Bd6 7. Bd3 O-O 8. Qc2 Re8+ 9. Ne2 h5 10. O-O h4 11. h3 Nd7 12. Bd2 Nf8 13. Rae1 Be6 14. c4 Bc7 15. f4 Qd6 16. a3 Rad8 17. Bb4 c5 18. Bxc5 Qc6 19. Be4 Qa6 20. d5 Bc8 21. Bd3 Bb6 22. Bxb6 Qxb6+ 23. Kh1 Qe3 24. Rf3 Qe7 25. Rd1 Nd7 26. b4 Nb6 27. Nd4 g5 28. fxg5 fxg5 29. Bf5 Bxf5 30. Nxf5 Nxc4 31. Nxe7+ 1-0


[Site "https://www.chess.com"]

[Event "Titled Tuesday Blitz June 27 Early 2023"]
[White "Krutko, Anatoly"]
[Black "Andreassen, Lars"]
[WhiteFideId "4185862"]
[BlackFideId "1504878"]
[WhiteElo "2555"]
[BlackElo "2243"]
[Result "1-0"]
[Round "4"]
[TimeControl "180+2"]
[Date "2023.06.27"]
[WhiteClock "0:00:33"]
[BlackClock "0:00:06"]
[Board "126"]

1. d4 d5 2. c4 e6 3. Nc3 Nf6 4. cxd5 exd5 5. Bg5 Be7 6. e3 O-O 7. Bd3 Bg4 8. Qc2 h6 9. Bf4 c5 10. dxc5 Nc6 11. h3 Nb4 12. Qd2 Nxd3+ 13. Qxd3 Bh5 14. Nge2 Bxc5 15. O-O Qd7 16. Be5 Bg6 17. Qd2 Qe6 18. Bxf6 Qxf6 19. Nxd5 Qe5 20. Rac1 Bd6 21. Nef4 Bh7 22. Qc3 Qg5 23. Rfd1 Rad8 24. Qd4 Rd7 25. Nc3 Rfd8 26. Qd5 Bxf4 27. exf4 Rxd5 28. fxg5 Rxd1+ 29. Rxd1 Rxd1+ 30. Nxd1 hxg5 31. Kf1 Bd3+ 32. Ke1 f6 33. Kd2 Bb1 34. Nc3 Bf5 35. Nb5 a6 36. Nd6 Be6 37. a4 b6 38. Kc3 Bd7 39. b3 Bc6 40. g3 Kf8 41. Kd4 b5 42. a5 g6 43. Kc5 Bf3 44. h4 gxh4 45. gxh4 g5 46. hxg5 fxg5 47. Kb6 Ke7 48. Nb7 Bxb7 49. Kxb7 Kf6 50. Kxa6 Kf5 51. Kxb5 Kf4 52. a6 Kf3 53. a7 Kxf2 54. a8=Q g4 55. Qg8 1-0


[Site "https://www.chess.com"]

[Event "Titled Tuesday Blitz June 27 Early 2023"]
[White "Bilan, Danila"]
[Black "Balint, Vilmos"]
[WhiteFideId "24161918"]
[BlackFideId "718050"]
[WhiteElo "2554"]
[BlackElo "2225"]
[Result "0-1"]
[Round "4"]
[TimeControl "180+2"]
[Date "2023.06.27"]
[WhiteClock "0:00:14"]
[BlackClock "0:01:11"]
[Board "127"]

1. d4 Nf6 2. Nf3 e6 3. g3 d5 4. Bg2 Be7 5. O-O O-O 6. c4 c6 7. Qc2 Nbd7 8. Nbd2 b6 9. Rd1 Bb7 10. e4 dxe4 11. Nxe4 Nxe4 12. Qxe4 Rc8 13. Bf4 Nf6 14. Qe2 h6 15. Ne5 Re8 16. Rac1 Nd7 17. Qg4 Nf6 18. Qf3 Ba8 19. Qe2 Nd7 20. Rd3 Nxe5 21. dxe5 Qc7 22. Rcd1 Rcd8 23. a3 Rxd3 24. Rxd3 Rd8 25. b4 c5 26. b5 Bxg2 27. Kxg2 Kf8 28. f3 Ke8 29. Rxd8+ Qxd8 30. Qe4 Qd1 31. Qa8+ Bd8 32. Qc6+ Qd7 33. Qxd7+ Kxd7 34. Kf2 h5 35. Bd2 g6 36. Ke3 Kc8 37. Ke4 Kd7 38. f4 Be7 39. h3 Bf8 40. g4 hxg4 41. hxg4 Bg7 42. f5 gxf5+ 43. gxf5 Bf8 44. f6 Kc7 45. Kf4 Bh6+ 46. Kg4 Bxd2 47. Kh5 Kd7 48. Kg4 Ke8 49. a4 Kf8 50. Kf3 Kg8 51. Ke4 Bc3 52. Kd3 Bd4 53. Ke4 Kh7 54. Kf4 Kg6 55. a5 bxa5 56. Ke4 Kg5 0-1


[Site "https://www.chess.com"]

[Event "Titled Tuesday Blitz June 27 Early 2023"]
[White "Quirke, Jeffrey"]
[Black "Bharath Subramaniyam H"]
[WhiteFideId "2013029"]
[BlackFideId "46634827"]
[WhiteElo "2229"]
[BlackElo "2816"]
[Result "0-1"]
[Round "4"]
[TimeControl "180+2"]
[Date "2023.06.27"]
[WhiteClock "0:00:00"]
[BlackClock "0:00:55"]
[Board "128"]

1. e4 c5 2. Nc3 d6 3. f4 Nf6 4. Nf3 g6 5. Bb5+ Bd7 6. a4 Nc6 7. d3 Bg7 8. O-O O-O 9. h3 a6 10. Bxc6 Bxc6 11. a5 b5 12. axb6 Qxb6 13. Nd2 c4+ 14. Kh2 cxd3 15. cxd3 Nd7 16. Nc4 Qc7 17. Na5 Nc5 18. Be3 Rfb8 19. Qc2 Bb5 20. Rfd1 Qd7 21. d4 Ne6 22. Nd5 Rc8 23. Qd2 Rab8 24. Rdc1 Nc7 25. Nb4 d5 26. e5 Ne6 27. Nd3 Bxd3 28. Qxd3 Rxb2 29. Qxa6 Rxc1 30. Rxc1 Bh6 31. Rf1 Kg7 32. Qc6 Qd8 0-1


[Site "https://www.chess.com"]

[Event "Titled Tuesday Blitz June 27 Early 2023"]
[White "Begunov, Konstantin"]
[Black "Tsaruk, Maksim"]
[WhiteFideId "4118510"]
[BlackFideId "13511173"]
[WhiteElo "2448"]
[BlackElo "2798"]
[Result "0-1"]
[Round "4"]
[TimeControl "180+2"]
[Date "2023.06.27"]
[WhiteClock "0:00:03"]
[BlackClock "0:00:24"]
[Board "129"]

1. d4 d5 2. c4 c6 3. Nc3 Nf6 4. Nf3 g6 5. cxd5 cxd5 6. Bf4 Bg7 7. e3 O-O 8. Bd3 Nc6 9. Ne5 Nxe5 10. Bxe5 Bd7 11. O-O e6 12. Qe2 Bc6 13. Rfc1 Rc8 14. Rc2 Nd7 15. Bxg7 Kxg7 16. Rac1 Qe7 17. Nb1 Rc7 18. Nd2 Rfc8 19. a3 Nb6 20. Nb3 Ba4 21. Rxc7 Rxc7 22. Rxc7 Qxc7 23. Nc5 Be8 24. Qc2 Qc6 25. Qc3 Nc8 26. g3 Nd6 27. b3 b6 28. Na4 Qb7 29. Nb2 g5 30. f3 h5 31. h3 h4 32. g4 f5 33. Kf2 Bg6 34. gxf5 exf5 35. f4 g4 36. Kg2 Qe7 37. Bc2 gxh3+ 38. Kxh3 Bh5 39. Qe1 Bg4+ 40. Kh2 Ne4 41. Qg1 Ng3 42. Nd3 Qxa3 43. Ne5 Qb2 44. Qg2 Qc1 45. Nxg4 fxg4 46. b4 Nf1+ 47. Kg1 Nxe3+ 48. Kf2 Nxg2 0-1


[Site "https://www.chess.com"]

[Event "Titled Tuesday Blitz June 27 Early 2023"]
[White "LangesNasenhaar"]
[Black "Rahman, Masruri"]
[BlackFideId "7101163"]
[WhiteElo "2446"]
[BlackElo "2790"]
[Result "0-1"]
[Round "4"]
[TimeControl "180+2"]
[Date "2023.06.27"]
[WhiteClock "0:00:00"]
[BlackClock "0:00:17"]
[Board "130"]

1. d4 e6 2. Nc3 d5 3. Bf4 Nf6 4. Nb5 Na6 5. e3 c6 6. Nc3 Bd6 7. Nf3 Bxf4 8. exf4 O-O 9. Be2 Ne4 10. O-O Nb8 11. Bd3 f5 12. Ne2 Nd7 13. Ne5 Qb6 14. Rb1 Nxe5 15. fxe5 Bd7 16. b4 a5 17. a3 axb4 18. axb4 Ra4 19. Bxe4 fxe4 20. Qd2 Be8 21. Nf4 Bf7 22. h4 Rfa8 23. g3 Ra3 24. Rfe1 Qb5 25. Re3 Ra1 26. Rb3 Qc4 27. Ng2 Qxb3 28. cxb3 Rxb1+ 29. Kh2 Raa1 30. g4 h6 31. h5 Rxb3 32. Ne3 Rbb1 33. Qc3 g6 34. Qc5 gxh5 35. Qe7 h4 36. f4 exf3 37. Qd8+ Kh7 0-1


[Site "https://www.chess.com"]

[Event "Titled Tuesday Blitz June 27 Early 2023"]
[White "Goltsev, Dmitry"]
[Black "Lopez Gracia, Fernando"]
[WhiteFideId "24176710"]
[BlackFideId "2207184"]
[WhiteElo "2713"]
[BlackElo "2444"]
[Result "0-1"]
[Round "4"]
[TimeControl "180+2"]
[Date "2023.06.27"]
[WhiteClock "0:00:26"]
[BlackClock "0:01:00"]
[Board "131"]

1. e4 e5 2. Nf3 Nc6 3. Bb5 a6 4. Ba4 Nf6 5. O-O Bc5 6. Nxe5 Nxe5 7. d4 b5 8. Bb3 Bxd4 9. Qxd4 d6 10. c3 c5 11. Qd1 O-O 12. Bg5 Bb7 13. Nd2 h6 14. Bh4 Ng6 15. Bg3 Re8 16. f3 d5 17. Qc2 c4 18. Rae1 cxb3 19. axb3 dxe4 20. fxe4 Ng4 21. h3 Qb6+ 22. Kh1 Ne3 23. Qd3 Nxf1 24. Rxf1 Rad8 25. Qe2 Qe6 26. Re1 Ne5 27. Rf1 Nd3 28. Nf3 Qxe4 29. Qd2 Ne5 30. Nd4 Nc6 31. Qf2 Nxd4 32. Qxf7+ Kh8 33. Rf2 Ne6 34. Qh5 Rf8 35. Re2 Qd5 36. Qg6 Qd1+ 37. Re1 Qd2 38. Rg1 Nf4 39. Bxf4 Qxf4 40. Qb6 Qe4 41. b4 Rd1 42. Kh2 Rxg1 43. Qxg1 Qf4+ 44. Kh1 Qg3 0-1


[Site "https://www.chess.com"]

[Event "Titled Tuesday Blitz June 27 Early 2023"]
[White "Liyanage, Ranindu Dilshan"]
[Black "Miszler, Levente"]
[WhiteFideId "9915834"]
[BlackFideId "763276"]
[WhiteElo "2675"]
[BlackElo "2442"]
[Result "0-1"]
[Round "4"]
[TimeControl "180+2"]
[Date "2023.06.27"]
[WhiteClock "0:00:34"]
[BlackClock "0:00:49"]
[Board "132"]

1. Nf3 Nf6 2. c4 e6 3. e3 d5 4. b3 g6 5. Bb2 Bg7 6. Be2 O-O 7. O-O c6 8. Nc3 b6 9. d4 Bb7 10. Ne5 Nbd7 11. f4 Rc8 12. Bf3 Ne8 13. Nd3 f6 14. e4 dxe4 15. Nxe4 Qe7 16. Re1 Ba8 17. a3 Nd6 18. a4 Nxe4 19. Bxe4 Qd6 20. Qe2 Rce8 21. Kh1 c5 22. Bxa8 Rxa8 23. Qxe6+ Qxe6 24. Rxe6 cxd4 25. Bxd4 Rad8 26. Bb2 Rfe8 27. Rxe8+ Rxe8 28. Nb4 Re2 29. Bc3 Nc5 30. Rb1 Ne4 31. Nd5 Rc2 32. Be1 f5 33. Rd1 Rb2 34. b4 Rc2 35. Ne3 Re2 36. Nd5 Rc2 37. c5 bxc5 38. b5 c4 39. a5 Rb2 40. b6 axb6 41. axb6 c3 42. h3 c2 43. Rc1 Rb1 44. Rxc2 Rxe1+ 45. Kh2 Bd4 46. g4 Rb1 47. Rc8+ Kf7 48. Kg2 Rb2+ 49. Kf1 Bxb6 50. Rb8 Ng3+ 51. Ke1 Ba5+ 52. Kd1 Rxb8 0-1


[Site "https://www.chess.com"]

[Event "Titled Tuesday Blitz June 27 Early 2023"]
[White "Taspinar, Yanki"]
[Black "Pandey Srishti"]
[WhiteFideId "34561188"]
[BlackFideId "35093290"]
[WhiteElo "2657"]
[BlackElo "2435"]
[Result "1-0"]
[Round "4"]
[TimeControl "180+2"]
[Date "2023.06.27"]
[WhiteClock "0:00:05"]
[BlackClock "0:00:08"]
[Board "133"]

1. Nf3 Nf6 2. g3 g6 3. Bg2 Bg7 4. O-O O-O 5. d4 d6 6. b3 Nbd7 7. Bb2 e5 8. dxe5 Ng4 9. Nbd2 Ngxe5 10. Nxe5 Nxe5 11. Qc1 d5 12. Nf3 Nxf3+ 13. Bxf3 c6 14. Rd1 Qe7 15. Bxg7 Kxg7 16. c4 dxc4 17. Qxc4 Be6 18. Qc3+ Qf6 19. Qb4 b6 20. Bxc6 Bxb3 21. axb3 Qxc6 22. Rdc1 Qe6 23. e3 Rfd8 24. Rc7 Qe5 25. Raxa7 Rd1+ 26. Kg2 Rxa7 27. Rxa7 Qd5+ 28. e4 Qd3 29. Qc4 Qxc4 30. bxc4 Rc1 31. Rc7 b5 32. c5 b4 33. e5 b3 34. Rb7 Rxc5 35. e6 b2 36. Rxf7+ Kg8 37. Rb7 Rc2 38. Kf3 Kf8 39. h4 Ke8 40. Ke3 Kd8 41. f4 Rg2 42. Ke4 Ke8 43. Ke5 Rxg3 44. Kf6 Kd8 45. Rxb2 Re3 46. Rd2+ Kc7 47. Rd7+ Kc6 48. Rxh7 Re4 49. Rd7 Rxf4+ 50. Kxg6 Rxh4 51. Rd1 Re4 52. Kf6 Rf4+ 53. Ke7 Re4 54. Kf7 Rf4+ 55. Ke8 Re4 56. e7 Kc7 57. Rc1+ Kd6 58. Kd8 Rxe7 59. Rd1+ Ke6 60. Re1+ Kf6 61. Rxe7 1-0


[Site "https://www.chess.com"]

[Event "Titled Tuesday Blitz June 27 Early 2023"]
[White "whiteglovethief"]
[Black "Ashraf, Artin"]
[BlackFideId "22514805"]
[WhiteElo "2435"]
[BlackElo "2651"]
[Result "1-0"]
[Round "4"]
[TimeControl "180+2"]
[Date "2023.06.27"]
[WhiteClock "0:00:09"]
[BlackClock "0:00:04"]
[Board "134"]

1. d4 Nf6 2. c4 d6 3. Nc3 e5 4. Nf3 Nbd7 5. g3 g6 6. Bg2 Bg7 7. O-O O-O 8. h3 Re8 9. e4 exd4 10. Nxd4 Nc5 11. Re1 a5 12. b3 Nfd7 13. Be3 Ne5 14. Re2 Bd7 15. Rd2 h5 16. f4 Nc6 17. Rc1 Nxd4 18. Bxd4 Bxd4+ 19. Rxd4 h4 20. g4 Ne6 21. f5 Nxd4 22. Qxd4 Re5 23. Nd5 Bc6 24. fxg6 fxg6 25. Nf4 Qg5 26. Nd3 Qd2 27. Rf1 Rf8 28. Rxf8+ Kxf8 29. Qf2+ Qxf2+ 30. Kxf2 Re7 31. Ke3 Rf7 32. Nf4 Kg7 33. Bf3 Bd7 34. Ng2 Kf6 35. Nf4 c6 36. Nd3 Be6 37. Kf4 b5 38. c5 g5+ 39. Ke3 d5 40. e5+ Ke7 41. Ne1 Rf4 42. Nc2 b4 43. Nd4 Bd7 44. Kd3 Rf8 45. Ke3 Be8 46. Be2 Rf4 47. Bd3 Bd7 48. Bf5 Bxf5 49. Nxf5+ Ke6 50. Nd4+ Kxe5 51. Nxc6+ Kf6 52. Nxa5 d4+ 53. Kd3 Ke5 54. c6 Kd6 55. Kc4 Rf3 56. Kxd4 Rxh3 57. Kc4 Rg3 58. Kb5 h3 59. Kb6 h2 60. Nc4+ Kd5 61. c7 h1=Q 62. c8=Q Qg1+ 63. Kb5 Kd4 64. Qd7+ Kc3 65. Qd2# 1-0


[Site "https://www.chess.com"]

[Event "Titled Tuesday Blitz June 27 Early 2023"]
[White "Schnaider, Ilan"]
[Black "KorolDimitriy75"]
[WhiteFideId "169013"]
[WhiteElo "2636"]
[BlackElo "2432"]
[Result "1-0"]
[Round "4"]
[TimeControl "180+2"]
[Date "2023.06.27"]
[WhiteClock "0:00:04"]
[BlackClock "0:00:07"]
[Board "135"]

1. e4 c5 2. Nf3 d6 3. d4 cxd4 4. Nxd4 Nf6 5. Nc3 g6 6. f3 Bg7 7. Be3 O-O 8. Bc4 Nc6 9. Bb3 Bd7 10. O-O a6 11. a4 Rc8 12. Nxc6 bxc6 13. Qe2 Qa5 14. Kh1 Rb8 15. Rad1 Rfc8 16. Bd2 Qb6 17. Bg5 Qa5 18. Bh4 Rb7 19. Bf2 c5 20. Be1 Qc7 21. Qc4 Be6 22. Nd5 Nxd5 23. exd5 Bd7 24. Qxa6 Bxb2 25. Qc4 Bf6 26. Bc3 Bxc3 27. Qxc3 Rb4 28. Rde1 Be8 29. Re3 Bxa4 30. Rfe1 Re8 31. Bc4 Qb7 32. Re4 Qa7 33. h4 h5 34. g4 hxg4 35. h5 Bd7 36. h6 Bf5 37. Qg7# 1-0


[Site "https://www.chess.com"]

[Event "Titled Tuesday Blitz June 27 Early 2023"]
[White "Titichoca Daza, Daniel"]
[Black "StiffMaster1"]
[WhiteFideId "3309550"]
[WhiteElo "2430"]
[BlackElo "2623"]
[Result "1-0"]
[Round "4"]
[TimeControl "180+2"]
[Date "2023.06.27"]
[WhiteClock "0:00:02"]
[BlackClock "0:00:00"]
[Board "136"]

1. Nf3 Nf6 2. b3 g6 3. Bb2 Bg7 4. g3 O-O 5. Bg2 d6 6. d4 Nbd7 7. O-O c5 8. c4 cxd4 9. Nxd4 Nc5 10. Nc3 a6 11. a3 Ne6 12. Nc2 Nc7 13. e4 Bg4 14. Qd2 Qc8 15. Rfc1 Bh3 16. Bh1 h5 17. Ne3 h4 18. Ncd5 Ncxd5 19. cxd5 Qd7 20. Nc4 Qg4 21. f3 Qh5 22. g4 Nxg4 23. fxg4 Qxg4+ 24. Bg2 Bxg2 25. Qxg2 Qh5 26. Bxg7 Kxg7 27. Rf1 Rac8 28. Rf2 b5 29. Ne3 Rc3 30. Nf5+ Kh7 31. Nd4 h3 32. Qf1 Kg8 33. Re1 Qe5 34. Ne6 Rfc8 35. Rxf7 Rg3+ 36. Kh1 Rg2 37. Rf8+ Kh7 38. Rf7+ Kh6 39. Qf4+ Qxf4 40. Nxf4 Rf2 41. Rg1 g5 42. Rxe7 1-0


[Site "https://www.chess.com"]

[Event "Titled Tuesday Blitz June 27 Early 2023"]
[White "Herman, Daniel"]
[Black "Jakubowski, Krzysztof"]
[WhiteFideId "30935008"]
[BlackFideId "1112848"]
[WhiteElo "2430"]
[BlackElo "2610"]
[Result "0-1"]
[Round "4"]
[TimeControl "180+2"]
[Date "2023.06.27"]
[WhiteClock "0:00:06"]
[BlackClock "0:00:07"]
[Board "137"]

1. e4 c5 2. Nf3 e6 3. b3 b6 4. Bb2 Bb7 5. e5 Nc6 6. Bb5 Nge7 7. O-O Ng6 8. Re1 h5 9. Na3 h4 10. h3 Nf4 11. Nc4 Rh6 12. Re4 g5 13. Ne3 Nd4 14. Rxd4 cxd4 15. Ng4 Rg6 16. Bd3 Nxd3 17. cxd3 Bg7 18. Nxd4 a6 19. Ba3 Rc8 20. Rc1 Rxc1 21. Qxc1 Qc8 22. Qc4 Qxc4 23. bxc4 f5 24. exf6 Bxf6 25. Nxf6+ Rxf6 26. Bd6 Bc6 27. Bc7 b5 28. Be5 Rg6 29. f3 Ke7 30. Kf2 b4 31. Nb3 Rg8 32. d4 d6 33. Bh2 Ba4 34. c5 Bxb3 35. Bxd6+ Kd7 36. axb3 a5 37. Ke3 Ra8 38. Kd3 a4 39. bxa4 Rxa4 40. Kc4 Ra2 41. Kxb4 Rxd2 42. Kb5 Rb2+ 43. Kc4 Kc6 44. Be7 Rxg2 45. Kd3 Rg3 46. Ke4 Rxh3 47. Bxg5 Rh1 48. Ke5 h3 49. Kxe6 Re1+ 50. Kf5 h2 0-1


[Site "https://www.chess.com"]